 Dungeon Crawl Stone Soup version 0.21-a0-513-gdcb3f5e (webtiles) character file.

12471 CanOfBees the Thrower (level 11, -3/113 HPs)
             Began as an Ogre Fire Elementalist on Dec 1, 2017.
             Was a High Priest of Okawaru.
             Slain by an unseen horror (8 damage)
             ... on level 11 of the Dungeon on Dec 3, 2017.
             The game lasted 00:58:23 (23141 turns).

CanOfBees the Thrower (Ogre Fire Elementalist)     Turns: 23141, Time: 00:58:23

Health: -3/113     AC:  7    Str: 15    XL:     11   Next: 93%
Magic:  24/28      EV: 10    Int: 18    God:    Okawaru [*****.]
Gold:   589        SH:  0    Dex:  9    Spells: 11/26 levels left

rFire    + . .     SeeInvis .   q - +3 spear (flame)
rCold    . . .     Gourm    .   (no shield)
rNeg     . . .     Faith    .   y - +1 robe {rF+}
rPois    .         Spirit   .   i - +2 hat
rElec    .         Reflect  .   F - +0 cloak
rCorr    .         Harm     .   (gloves unavailable)
MR       ++...                  (boots unavailable)
Stlth    +.........             (no amulet)
HPRegen  0.28/turn              l - ring of protection from magic
MPRegen  0.21/turn              p - +6 ring of slaying

@: hasted, very quick
A: large, unfitting armour, fangs 1, talons 1, high mp 2, tough skin 1
a: Heroism, Finesse, Renounce Religion


You were on level 11 of the Dungeon.
You worshipped Okawaru.
Okawaru was extremely pleased with you.
You were not hungry.

You visited 2 branches of the dungeon, and saw 12 of its levels.
You also visited: Sewer.

You collected 670 gold pieces.
You spent 81 gold pieces at shops.

Inventory:

Hand Weapons
 m - a +0 hunting sling
 q - a +3 spear of flaming (weapon)
 B - a +0 glaive
 G - the +1 trident of Woladux {pierce, rC++}
   (You found it on level 9 of the Dungeon)

   It inflicts extra damage upon your enemies.
   It greatly protects you from cold.
 U - a +0 blowgun
Missiles
 d - 66 poisoned needles
 k - 370 arrows
 n - 200 stones
 r - 81 sling bullets
 v - 10 tomahawks
 z - 8 javelins of penetration
 C - 4 needles of sleeping
 D - 2 javelins of returning (quivered)
 H - 36 bolts
 P - 5 large rocks
 V - 7 needles of confusion
Armour
 i - a +2 hat (worn)
 y - a +1 robe of fire resistance (worn)
 F - a +0 cloak (worn)
Jewellery
 l - a ring of protection from magic (left hand)
 p - a +6 ring of slaying (right hand)
 N - an uncursed ring of resist corrosion
Wands
 x - a wand of random effects (102)
 I - a wand of enslavement (10)
Scrolls
 e - 3 scrolls of identify
 f - 3 scrolls of amnesia
 u - 4 scrolls of magic mapping
 w - a scroll of immolation
 J - 2 scrolls of remove curse
 L - a scroll of vulnerability
Potions
 a - 3 potions of agility
 g - 3 potions of might
 j - 2 potions of mutation
 s - a potion of brilliance
 t - a potion of magic {unknown}
 A - a potion of flight
 E - a potion of ambrosia {unknown}
 S - a potion of invisibility {unknown}
Books
 b - a book of Flames

   Spells                             Type                      Level
   a - Flame Tongue                   Conjuration/Fire             1
   b - Throw Flame                    Conjuration/Fire             2
   c - Conjure Flame                  Conjuration/Fire             3
   d - Inner Flame                    Hexes/Fire                   3
   e - Sticky Flame                   Conjuration/Fire             4
   f - Fireball                       Conjuration/Fire             5
 o - a book of Conjurations

   Spells                             Type                      Level
   a - Magic Dart                     Conjuration                  1
   b - Searing Ray                    Conjuration                  2
   c - Dazzling Spray                 Conjuration/Hexes            3
   d - Fulminant Prism                Conjuration/Hexes            4
   e - Force Lance                    Conjuration/Translocation    4
   f - Iskenderun's Mystic Blast      Conjuration                  4
Comestibles
 c - 3 bread rations
 K - 6 fruits
 M - 8 royal jellies
 Q - a meat ration
 R - a chunk of flesh


   Skills:
 + Level 8.4 Fighting
 * Level 9.2 Polearms
 * Level 9.5 Throwing
 - Level 1.7 Dodging
 - Level 1.4 Stealth
 + Level 8.3 Spellcasting
 - Level 5.0 Conjurations
 - Level 6.0 Fire Magic
 - Level 4.5 Invocations


You had 11 spell levels left.
You knew the following spells:

 Your Spells              Type           Power        Failure   Level  Hunger
a - Flame Tongue          Conj/Fire      ####.        1%          1    None
b - Throw Flame           Conj/Fire      ####..       1%          2    None
c - Conjure Flame         Conj/Fire      ####....     3%          3    None
d - Sticky Flame          Conj/Fire      ####....     10%         4    ###....
e - Fireball              Conj/Fire      ####......   26%         5    #####..


Dungeon Overview and Level Annotations

Branches:
Dungeon (11/15)            Temple (1/1) D:5            Lair (0/6) D:11
    Orc: D:9-12

Altars:
Ashenzari
Cheibriados
Dithmenos
Elyvilon
Fedhas
Gozag
Hepliaklqana
Kikubaaqudgha
Makhleb
Nemelex Xobeh
Okawaru
Qazlal
Ru
Trog
Uskayaw
Vehumet
Wu Jian
Xom
Yredelemnul
Zin
The Shining One

Shops:
D:4 [   D:7 [   D:9 *

Annotations:
D:3 Grinder
D:6 1 runed door


Innate Abilities, Weirdness & Mutations

You are too large for most types of armour.
You have tough skin. (AC +1)
You have very sharp teeth.
You have sharp toenails.
You have a considerably increased reservoir of magic. (+20% MP)


Message History

Something hits you!
* * * LOW HITPOINT WARNING * * *
Something hits you!
* * * LOW HITPOINT WARNING * * *
Something hits you but does no damage.
Okay, then.
Casting: Sticky Flame
Confirm with . or Enter, or press ? or * to list all spells.
You can't see any susceptible monsters within range! (Use Z to cast anyway.) Unknown command.
Unknown command.
Casting: Sticky Flame
Confirm with . or Enter, or press ? or * to list all spells.
Aiming: Sticky Flame
Press: ? - help, Shift-Dir - straight line The sticky flame hits something.
The unseen horror is covered in liquid flames!
An unseen horror comes into view.
The unseen horror hits you!
You die...

..#...#. #..#.... #.# '...#
##.....###...#.#####.# #...#
.#.....#..#..........######...#
.#.....#...#..................###
#.#...#.#.....((..(...........(..
...#.#...#.(.))######(...........
...........(.)......#..(.((....(>
.............#......#............
.....###.....#.x@...#............
.....# #.....#......#............
.....# #.....#..(...#.......####.
.....# ###...#......#.......# .
.....# #...#)######.......#
###### #....).............#
#..................#
####################


You could see an unseen horror (burning).

Vanquished Creatures
  A hydra (D:11)
  A two-headed ogre (D:11)
  Nergalle (D:10)
  A troll (D:10)
  2 hippogriffs
  4 hornets
  A shadow (D:10)
  8 yaks
  Menkaure (D:6)
  2 hungry ghosts
  3 wargs
  A water moccasin (D:11)
  3 sky beasts
  Purgy (Sewer)
  9 orc warriors
  2 black bears
  3 eyes of draining
  4 ice beasts
  2 necrophages
  The ghost of robertstho the Charmwright, an amateur GnSk (D:3)
  12 centaurs
  3 ogres
  A crocodile (D:11)
  2 big kobolds
  6 bullfrogs
  A wyvern zombie (D:6)
  A scorpion (D:6)
  8 killer bees
  5 wights (D:8)
  A howler monkey (D:11)
  3 crimson imps
  A centaur zombie (D:8)
  2 bullfrog zombies
  2 quasits (D:10)
  4 hounds
  10 orc priests
  14 orc wizards
  3 jellies
  5 centaur skeletons
  3 iguanas
  Jessica (D:3)
  A bullfrog skeleton (D:5)
  Ijyb (D:4)
  7 worker ants
  2 hound zombies
  A hound skeleton (D:4)
  A howler monkey zombie (D:4)
  Robin (D:2)
  3 gnolls
  15 adders
  4 shadow imps
  3 oozes
  4 adder zombies (D:4)
  3 worms
  3 dart slugs
  7 leopard geckos
  38 orcs
  8 bats
  8 giant cockroaches
  14 hobgoblins
  11 jackals
  9 kobolds
  3 quokkas
  5 ball pythons
  8 frilled lizards
  17 goblins
  A leopard gecko skeleton (D:6)
  2 quokka skeletons
  10 rats
329 creatures vanquished.

Vanquished Creatures (collateral kills)
  An orc wizard (D:10)
  3 orcs (D:10)
4 creatures vanquished.

Vanquished Creatures (others)
  A hound (D:10)
  A kobold (D:11)
2 creatures vanquished.

Grand Total: 335 creatures vanquished

Notes
Turn   | Place    | Note
-------+----------+-------------------------------------------
     0 | D:1      | CanOfBees the Ogre Fire Elementalist began the quest for the Orb.
     0 | D:1      | Reached XP level 1. HP: 16/16 MP: 3/3
   129 | D:1      | Reached skill level 1 in Conjurations
   268 | D:1      | Reached XP level 2. HP: 26/26 MP: 3/5
   316 | D:1      | Learned a level 2 spell: Throw Flame
   655 | D:1      | Reached skill level 1 in Fighting
  1130 | D:1      | Reached XP level 3. HP: 5/33 MP: 2/7
  1456 | D:1      | Learned a level 3 spell: Conjure Flame
  2325 | D:2      | Noticed Robin
  2730 | D:1      | Reached XP level 4. HP: 21/42 MP: 2/9
  2901 | D:2      | Killed Robin
  4009 | D:2      | Reached skill level 1 in Throwing
  4372 | D:3      | Noticed Grinder
  4600 | D:2      | Reached XP level 5. HP: 48/49 MP: 5/10
  5585 | D:3      | Reached XP level 6. HP: 56/59 MP: 8/12
  5629 | D:3      | Noticed robertstho's ghost (amateur GnSk)
  5901 | D:3      | Killed robertstho's ghost
  6138 | D:3      | Noticed Jessica
  6242 | D:3      | Killed Jessica
  6862 | D:3      | Gained mutation: You have an increased reservoir of magic. (+10% MP) [potion of mutation]
  6862 | D:3      | Gained mutation: You have sharp toenails. [potion of mutation]
  6862 | D:3      | Gained mutation: You have a considerably increased reservoir of magic. (+20% MP) [potion of mutation]
  6862 | D:3      | Gained mutation: You have very sharp teeth. [potion of mutation]
  6896 | D:4      | Found a sacrificial altar of Ru.
  7015 | D:4      | Found Muewn's Armour Shoppe.
  7112 | D:4      | Noticed Ijyb
  7186 | D:4      | Reached XP level 7. HP: 60/68 MP: 7/17
  7692 | D:4      | Reached skill level 5 in Spellcasting
  7862 | D:4      | Killed Ijyb
  8046 | D:4      | Learned a level 4 spell: Sticky Flame
  8344 | D:5      | Entered Level 5 of the Dungeon
  8350 | D:5      | Found a glowing drain.
  8532 | Sewer    | Entered a sewer
  8674 | Sewer    | Noticed Purgy
  8687 | Sewer    | Killed Purgy
  8687 | Sewer    | Reached XP level 8. HP: 64/79 MP: 9/19
  8946 | D:5      | Learned a level 4 spell: Sticky Flame
  9124 | D:5      | Found a shattered altar of Ashenzari.
  9200 | D:5      | Found a staircase to the Ecumenical Temple.
  9218 | D:5      | Reached skill level 5 in Fighting
  9284 | Temple   | Entered the Ecumenical Temple
  9317 | Temple   | Became a worshipper of Warmaster Okawaru
 10307 | D:5      | Found a burning altar of Makhleb.
 10372 | D:6      | Reached skill level 1 in Invocations
 10430 | D:6      | Reached skill level 1 in Polearms
 10529 | D:6      | Reached * piety under Okawaru
 10746 | D:6      | Found a stormy altar of Qazlal.
 11133 | D:6      | Reached XP level 9. HP: 73/82 MP: 14/21
 11713 | D:6      | Noticed Menkaure
 11716 | D:6      | Killed Menkaure
 12226 | D:6      | Found a runed door.
 12298 | D:7      | Found an ancient bone altar of Kikubaaqudgha.
 12522 | D:7      | Found Moynich's Armour Emporium.
 12526 | D:7      | Reached skill level 5 in Throwing
 12563 | D:7      | Reached ** piety under Okawaru
 12727 | D:7      | Found a shimmering altar of Xom.
 12775 | D:7      | Reached skill level 5 in Polearms
 13184 | D:8      | Learned a level 5 spell: Fireball
 13245 | D:8      | Reached skill level 5 in Fire Magic
 13428 | D:8      | Found a radiant altar of Vehumet.
 13431 | D:8      | Found a shadowy altar of Dithmenos.
 13434 | D:8      | Found an opulent altar of Gozag.
 13487 | D:8      | Reached XP level 10. HP: 70/90 MP: 8/22
 13500 | D:8      | Reached *** piety under Okawaru
 14692 | D:8      | Received a gift from Okawaru
 14917 | D:8      | Paralysed by a hornet for 2 turns
 14934 | D:8      | HP: 7/144 [poisoned by a hornet]
 14940 | D:8      | HP: 5/144 [poisoned by a hornet]
 14947 | D:8      | HP: 5/144 [poisoned by a hornet]
 14954 | D:8      | HP: 5/144 [poisoned by a hornet]
 14962 | D:8      | HP: 3/96 [poisoned by a hornet]
 15482 | D:8      | Reached skill level 5 in Conjurations
 16592 | D:9      | Noticed a moth of wrath
 16595 | D:9      | Found a bloodstained altar of Trog.
 16824 | D:9      | Got a transparent trident
 16826 | D:9      | Identified the +1 trident of Woladux {pierce, rC++} (You found it on level 9 of the Dungeon)
 17319 | D:9      | Found Zucrit's Assorted Antiques.
 17327 | D:9      | Bought a scroll of identify for 54 gold pieces
 17327 | D:9      | Bought a scroll labeled BYHINW KOAXZE for 27 gold pieces
 17566 | D:9      | Paralysed by a hornet for 1 turns
 17572 | D:9      | Reached **** piety under Okawaru
 17767 | D:9      | Paralysed by a hornet for 3 turns
 18120 | D:10     | Entered Level 10 of the Dungeon
 18377 | D:10     | Reached XP level 11. HP: 107/107 MP: 26/26
 19424 | D:10     | Received a gift from Okawaru
 19750 | D:10     | Found a glowing silver altar of Zin.
 19752 | D:10     | Found a hide-covered altar of Uskayaw.
 19752 | D:10     | Found an opulent altar of Gozag.
 19779 | D:10     | Found a stormy altar of Qazlal.
 19779 | D:10     | Found a shimmering altar of Xom.
 19779 | D:10     | Found a shadowy altar of Dithmenos.
 20011 | D:10     | Noticed Nergalle
 20023 | D:10     | Killed Nergalle
 21194 | D:11     | Found a staircase to the Lair.
 21206 | D:11     | Noticed a six-headed hydra
 21238 | D:11     | Killed a six-headed hydra
 21238 | D:11     | Received a gift from Okawaru
 21238 | D:11     | Reached ***** piety under Okawaru
 21238 | D:11     | Received a gift from Okawaru
 22428 | D:11     | Received a gift from Okawaru
 22474 | D:11     | Noticed a two-headed ogre
 22488 | D:11     | Killed a two-headed ogre
 22547 | D:11     | Received a gift from Okawaru
 23139 | D:11     | HP: 5/113 [something (7)]
 23141 | D:11     | Noticed an unseen horror
 23141 | D:11     | Slain by an unseen horror

Vault maps used:
D:1:      lemuel_arrival_hallway
D:2:      uniq_robin
D:3:      minmay_misc_feat_encased, uniq_jessica, uniq_grinder
D:4:      nicolae_ru_awakened_eye, serial_shops, kennysheep_mini, serial_undead,
          serial_undead_e, serial_undead_a, serial_undead_d, serial_undead_b,
          uniq_ijyb
D:5:      lemuel_round_altar, lemuel_coloured_pillars_altar,
          minmay_temple_entry_large_hall, first_bread, gup_sewer_entry_glass
D:6:      lemuel_doored_altar, uniq_menkaure, uniq_crazy_yiuf_cottage
D:7:      lemuel_round_altar, xom_butterflies, serial_shops, shop
D:8:      grunt_temple_overflow_diamond
D:9:      mumra_celtic_spiral_tile, tgw_trog, serial_shops, shop,
          hangedman_pestilent_swarm
D:10:     doesnt_xom_only_xom, uniq_nergalle
D:11:     erik_lair_orcish_takeover, minmay_splitting_lines
Temple:   minmay_temple_bridge_abc
Sewer:    sewer_co_purgy_island

Skill      XL: |  1  2  3  4  5  6  7  8  9 10 11 |
---------------+----------------------------------+-----
Conjurations   | 1 2 3 4 5 |  5.0
Fighting       | 1 2 3 4 5 6 8 |  8.4
Spellcasting   | 3 4 5 6 7 8 |  8.3
Fire Magic     | 3 4 5 6 |  6.0
Throwing       | 1 3 6 7 9 |  9.5
Invocations    | 2 4 |  4.5
Polearms       | 2 5 7 9 |  9.2
Dodging        | |  1.7
Stealth        | |  1.4

Action                   |  1- 3 |  4- 6 |  7- 9 | 10-12 || total
-------------------------+-------+-------+-------+-------++-------
Melee: Unarmed           |    24 |       |       |       ||    24
       Club              |    78 |   140 |    91 |       ||   309
       Kick              |       |     1 |    47 |    35 ||    83
       Bite              |       |       |    11 |    21 ||    32
       Spear             |       |       |   120 |   234 ||   354
       Glaive            |       |       |    13 |     5 ||    18
 Fire: Hunting sling     |       |       |       |     6 ||     6
       Blowgun           |       |       |       |     1 ||     1
Throw: Stone             |       |    13 |     5 |     7 ||    25
       Tomahawk          |       |       |     8 |     7 ||    15
       Large rock        |       |       |     6 |    24 ||    30
       Javelin           |       |       |     2 |    21 ||    23
 Cast: Flame Tongue      |    47 |   106 |    93 |    88 ||   334
       Throw Flame       |     4 |    10 |    26 |    10 ||    50
       Conjure Flame     |     1 |     7 |     2 |    19 ||    29
       Sticky Flame      |       |       |    38 |    66 ||   104
       Fireball          |       |       |       |     6 ||     6
Evoke: Wand              |       |       |       |    17 ||    17
  Use: Scroll            |     3 |     3 |     8 |    10 ||    24
       Potion            |       |     1 |     4 |     9 ||    14
 Stab: Distracted        |       |       |     1 |       ||     1
       Sleeping          |       |       |       |     2 ||     2
  Eat: Chunk             |     6 |    15 |     9 |    22 ||    52
       Bread ration      |       |       |     1 |     2 ||     3
       Meat ration       |       |       |     3 |     1 ||     4
       Royal jelly       |       |       |     2 |     2 ||     4
       Fruit             |       |       |     1 |     3 ||     4
Armor: Robe              |    59 |    73 |   104 |    69 ||   305
Dodge: Dodged            |   106 |   124 |   170 |   163 ||   563

Table legend:
 A = Spawn XP
 B = Non-spawn XP
 C = Spawn XP percentage of total XP
 D = Spawn monster count
 E = Non-spawn monster count
 F = Spawn count percentage of total count
 G = Total turns spent on level
                    A         B        C        D         E        F      G
               +---------+---------+-------+---------+---------+-------+---------
         Total |       0 |   17817 |   0.0 |       0 |     333 |   0.0 | 23141
               +---------+---------+-------+---------+---------+-------+---------
           D:1 |       0 |      80 |   0.0 |       0 |      36 |   0.0 |  2803
           D:2 |       0 |     118 |   0.0 |       0 |      19 |   0.0 |  2204
           D:3 |       0 |     416 |   0.0 |       0 |      31 |   0.0 |  1961
           D:4 |       0 |     399 |   0.0 |       0 |      26 |   0.0 |  1485
           D:5 |       0 |     558 |   0.0 |       0 |      17 |   0.0 |  1981
           D:6 |       0 |    1336 |   0.0 |       0 |      31 |   0.0 |  1403
           D:7 |       0 |     933 |   0.0 |       0 |      17 |   0.0 |   898
           D:8 |       0 |    2972 |   0.0 |       0 |      31 |   0.0 |  3125
           D:9 |       0 |    1728 |   0.0 |       0 |      26 |   0.0 |  2096
          D:10 |       0 |    3984 |   0.0 |       0 |      49 |   0.0 |  2762
          D:11 |       0 |    5140 |   0.0 |       0 |      42 |   0.0 |  1999
         Sewer |       0 |     153 |   0.0 |       0 |       8 |   0.0 |   368
               +---------+---------+-------+---------+---------+-------+---------
